 Dungeon Crawl Stone Soup version 0.30.0-13-g156ef70053 (webtiles) character file.

Game seed: 9209234192005137530

78 GigaChad the Shield-Bearer (level 4, -1/37 HPs)
             Began as a Formicid Fighter on May 17, 2023.
             Killed from afar by an electric eel (2 damage)
             ... with a bolt of electricity
             ... on level 3 of the Dungeon.
             The game lasted 00:03:13 (1625 turns).

GigaChad the Shield-Bearer (Formicid Fighter)       Turns: 1625, Time: 00:03:14

Health: -1/37      AC: 11    Str: 22    XL:     4   Next: 61%
Magic:  4/4        EV:  6    Int:  8    God:
Gold:   85         SH:  5    Dex: 13    Spells: 3/3 levels left

rFire   . . .        a - +0 war axe
rCold   . . .        c - +0 buckler
rNeg    . . .        e - +0 plate armour
rPois   .            (helmet unavailable)
rElec   .            (no cloak)
rCorr   .            (no gloves)
SInv    +            (no boots)
Will    .....        (no amulet) Stlth
                     (no ring)
HPRegen 0.26/turn    (no ring)
MPRegen 0.09/turn

%: no passive effects
@: no status effects
A: permanent stasis, dig shafts and tunnels, antennae 3, four strong arms
a: Dig, Shaft Self


You were on level 3 of the Dungeon.
You visited 1 branch of the dungeon, and saw 3 of its levels.

You collected 85 gold pieces.

Inventory:

Hand Weapons
 a - a +0 war axe (weapon)
Armour
 b - a +0 scale mail
 c - a +0 buckler (worn)
 e - a +0 plate armour (worn)
 q - the +0 leather armour of the Trilobite {rPois Slay+3}
   (You found it on level 2 of the Dungeon)

   Slay:      It affects your accuracy & damage with ranged weapons and melee
   (+3).
   rPois:     It protects you from poison.
Wands
 r - a wand of flame (20)
Scrolls
 f - a scroll of identify {unknown}
 g - a scroll of immolation {unknown}
 h - a scroll of brand weapon {unknown}
 j - a scroll of acquirement {unknown}
 m - a scroll of fog {unknown}
 o - a scroll of poison {unknown}
 p - a scroll of teleportation {unknown}
Potions
 d - a potion of might
 i - a potion of lignification {unknown}
 k - 2 potions of degeneration {unknown}
 l - 2 potions of curing {unknown}
 n - a potion of brilliance {unknown}


   Skills:
 * Level 3.8 Fighting
 * Level 3.1 Axes
 * Level 3.8 Armour
 * Level 4.6 Shields


You had 3 spell levels left.
You didn't know any spells.
Your spell library was empty.

Dungeon Overview and Level Annotations

Branches:
Dungeon (3/15)

Altars:

Annotations:
D:3 1 transporter


Innate Abilities, Weirdness & Mutations

You cannot be hasted, slowed, berserked, paralysed or teleported.
You can dig through walls and to a lower floor.
You have a pair of large antennae on your head. (SInv)
Your four strong arms can wield two-handed weapons with a shield.


Message History

The quokka bites you but does no damage.
You slash the quokka!
You kill the quokka!
You closely miss the rat. The rat barely misses you.
You barely miss the rat. The rat bites you but does no damage.
The rat bites you.
You closely miss the rat. The rat barely misses you.
You slash the rat!
You kill the rat!
You closely miss the giant cockroach. The giant cockroach bites you.
The giant cockroach bites you but does no damage.
You hit the giant cockroach.
You kill the giant cockroach!
No target in view!
There is a transporter landing site here.
Found a wand of flame (20).
Found a transporter.
Found a pair of glowing gloves.
There is a transporter here.
You enter the transporter and appear at another place.
The frilled lizard hisses angrily.
r - a wand of flame (20)
You open the door.
Unknown command.
The electric eel shoots out a bolt of lightning at you!
The bolt of electricity hits you!
You hit the plant.
The plant begins to die.
The plant is lightly damaged.
The electric eel shoots out a bolt of lightning at you!
The bolt of electricity hits you!
The electric eel shoots out a bolt of lightning at you!
The bolt of electricity hits you.
* * * LOW HITPOINT WARNING * * *
The electric eel shoots out a bolt of lightning at you!
The bolt of electricity hits you!
* * * LOW HITPOINT WARNING * * *
A nearby plant withers and dies.
The electric eel shoots out a bolt of lightning at you!
The bolt of electricity hits you.
You die...

.. ..... #.. .##.# #..
.##.########..#######
.##.................#
.##.###############.#
.##.#8P#~~~~~~~#P8#.##
.#..#..#~~P~~..#@.#..##
<..©#©)+~~~♣S..'.©#©..#
#...#..#P~~PS..#..#...#
..#.#8P#~~~~~SS#~8#.#.#
..#.###############...#
..#.............l....##
..######..#####.###..#
.... .....# #.# #.##
#.#######.# #.[ ...


You could see 4 electric eels and a frilled lizard.

Vanquished Creatures
  2 adders (D:2)
  6 dart slugs
  3 ball pythons
  2 endoplasms (D:2)
  7 giant cockroaches
  5 hobgoblins
  4 jackals (D:1)
  A quokka (D:3)
  2 bats
  4 frilled lizards
  4 goblins
  2 kobolds (D:1)
  4 rats
46 creatures vanquished.

Notes
Turn   | Place    | Note
-------+----------+-------------------------------------------
     0 | D:1      | GigaChad the Formicid Fighter began the quest for the Orb.
     0 | D:1      | Reached XP level 1. HP: 18/18 MP: 1/1
   183 | D:1      | Reached XP level 2. HP: 24/24 MP: 2/2
   371 | D:1      | Reached XP level 3. HP: 28/29 MP: 3/3
   932 | D:2      | Reached XP level 4. HP: 37/37 MP: 4/4
  1356 | D:2      | Identified the +0 leather armour of the Trilobite {rPois
                  | Slay+3}
  1520 | D:3      | Found a transporter.
  1606 | D:3      | Found a transporter.
  1624 | D:3      | HP: 1/37 [electric eel/bolt of electricity (9)]
  1625 | D:3      | Killed from afar by an electric eel

Illustrated notes

Levels and vault maps discovered:
D:1:      dpeg_chamrin_arrival_tetris, layout_basic
D:2:      layout_basic, minmay_misc_feat_more_columns
D:3:      gammafunk_steamed_eel, layout_loops_ring,
          gammafunk_temple_overflow_statue, minmay_vboxes

Skill      XL: |  1  2  3  4 |
---------------+-------------+-----
Axes           | 3 |  3.1
Fighting       | |  3.8
Armour         | |  3.8
Shields        | |  4.6

Action                     |  1- 3 |  4- 6 || total
---------------------------+-------+-------++-------
  Melee: War axe           |    79 |    45 ||   124
 Armour: Plate armour      |    61 |    32 ||    93
  Dodge: Dodged            |    20 |     7 ||    27
  Block: Buckler           |    24 |     5 ||    29
